 Dungeon Crawl Stone Soup version 0.22.0-60-ga52c2fc (webtiles) character file.

91 redwoodhats the Grasshopper (level 4, -3/37 HPs)
             Began as a Centaur Warper on Sept 11, 2018.
             Slain by Crazy Yiuf
             ... wielding a +2 quarterstaff of chaos
              (6 damage)
             ... on level 2 of the Dungeon.
             The game lasted 00:12:22 (1851 turns).

redwoodhats the Grasshopper (Centaur Warper)        Turns: 1851, Time: 00:12:23

Health: -3/37      AC:  7    Str: 12 (13) XL:     4   Next: 33%
Magic:  3/6        EV:  6    Int: 10 (12) God:
Gold:   75         SH:  2    Dex:  8 (10) Spells: 6/6 levels left

rFire    . . .     SeeInvis .   u - +0 dagger
rCold    . . .     Gourm    .   o - +0 buckler
rNeg     . . .     Faith    .   s - +0 animal skin
rPois    .         Spirit   .   t - +2 helmet
rElec    .         Reflect  .   (no cloak)
rCorr    .         Harm     .   (no gloves)
MR       .....                  (no barding)
Stlth    +.........             (no amulet)
HPRegen  0.12/turn              k - ring of flight
MPRegen  0.10/turn              l - -3 ring of evasion (curse)

@: very quick
A: large, hooves 3, deformed body, speed 2, tough skin 3
a: Evoke Flight


You were on level 2 of the Dungeon.
You were not hungry.

You visited 1 branch of the dungeon, and saw 2 of its levels.

You collected 75 gold pieces.

Inventory:

Hand Weapons
 a - a +0 spear
 m - a +0 whip
 n - a +0 hunting sling
 p - a +2 dagger of speed
 r - a +0 club
 u - a +0 dagger (weapon)
Missiles
 e - 2 tomahawks of dispersal (quivered)
 q - 26 stones
Armour
 b - a +0 leather armour
 g - a +0 chain mail
 h - a +0 ring mail
 o - a +0 buckler (worn)
 s - a +0 animal skin (worn)
 t - a +2 helmet (worn)
Jewellery
 k - a ring of flight (left hand)
 l - a cursed -3 ring of evasion (right hand)
Scrolls
 d - a scroll of blinking
 i - a scroll of identify
Potions
 c - a potion of haste {unknown}
 j - a potion of resistance {unknown}
Comestibles
 f - 6 rations
 v - a chunk of flesh


   Skills:
 + Level 2.5 Fighting
 + Level 0.7 Short Blades
 + Level 2.6 Polearms
 + Level 1.5 Throwing
 + Level 1.3 Armour
 + Level 1.7 Dodging
 + Level 1.9 Spellcasting
   Level 2.6 Translocations


You had 6 spell levels left.
You didn't know any spells.
Your spell library contained the following spells:

 Spells                   Type           Power        Failure   Level  Hunger
 Blink                    Tloc           N/A          26%         2    ###....
 Shroud of Golubria       Chrm/Tloc      #.........   43%         2    ###....
 Gell's Gravitas          Tloc           #.........   45%         3    ####...
 Lesser Beckoning         Tloc           #.........   45%         3    ####...
 Teleport Other           Tloc           #.......     45%         3    ####...
 Passage of Golubria      Tloc           N/A          86%         4    #####..


Dungeon Overview and Level Annotations

Branches:
Dungeon (2/15)

Altars:

Annotations:
D:2 Crazy Yiuf


Innate Abilities, Weirdness & Mutations

You have hooves in place of feet.
Armour fits poorly on your strangely shaped body.
You cover ground very quickly.
You have extremely tough skin. (AC +3)


Message History

You hit Crazy Yiuf.
Crazy Yiuf is heavily wounded.
Crazy Yiuf hits you but does no damage.
You closely miss Crazy Yiuf.
Crazy Yiuf is heavily wounded.
Crazy Yiuf completely misses you.
You hit Crazy Yiuf. You kick Crazy Yiuf, but do no damage.
Crazy Yiuf is severely wounded.
Crazy Yiuf hits you with a quarterstaff of chaos!
* * * LOW HITPOINT WARNING * * *
You closely miss Crazy Yiuf.
Crazy Yiuf is severely wounded.
Crazy Yiuf says, "Blight!
Cake unthinkable action."
Crazy Yiuf hits you with a quarterstaff of chaos.
* * * LOW HITPOINT WARNING * * *
Crazy Yiuf draws strength from your wounds!
You closely miss Crazy Yiuf. Your kick misses Crazy Yiuf.
Crazy Yiuf is heavily wounded.
Crazy Yiuf hits you with a quarterstaff of chaos.
You die...

#.......# ##.#####.#
#..# #...# ####.##
##### .##..###
.......# .#....#####
#### .#.##..#..##
###..)#
##.##....).####.@g..#
#.###......#..##...#
#.# ###...#.### ####
..# ####### .## .


You could see Crazy Yiuf.

Vanquished Creatures
  Robin (D:2)
  2 adders (D:2)
  3 dart slugs
  5 leopard geckos
  A giant cockroach (D:1)
  14 goblins
  8 hobgoblins
  3 bats
  A frilled lizard (D:1)
  5 kobolds (D:1)
  6 rats
49 creatures vanquished.

Notes
Turn   | Place    | Note
-------+----------+-------------------------------------------
     0 | D:1      | redwoodhats the Centaur Warper began the quest for the Orb.
     0 | D:1      | Reached XP level 1. HP: 17/17 MP: 3/3
   395 | D:1      | Reached XP level 2. HP: 13/24 MP: 4/4
   833 | D:1      | Reached XP level 3. HP: 5/29 MP: 5/5
  1492 | D:2      | Reached skill level 1 in Armour
  1634 | D:2      | Reached XP level 4. HP: 27/37 MP: 6/6
  1694 | D:2      | Noticed Robin
  1718 | D:2      | Killed Robin
  1830 | D:2      | Found a runed door.
  1834 | D:2      | Noticed Crazy Yiuf
  1851 | D:2      | Slain by Crazy Yiuf

Skill      XL: |  1  2  3 |
---------------+----------+-----
Polearms       | 2 |  2.6
Armour         | 1 |  1.3
Fighting       | |  2.5
Short Blades   | |  0.7
Throwing       | |  1.5
Dodging        | |  1.7
Spellcasting   | |  1.9
Translocations | |  2.6

Action                   |  1- 3 |  4- 6 || total
-------------------------+-------+-------++-------
Melee: Spear             |    82 |       ||    82
       Kick              |    17 |     6 ||    23
       Dagger            |    50 |    66 ||   116
 Fire: Hunting sling     |       |     3 ||     3
Throw: Tomahawk          |     3 |       ||     3
  Use: Potion            |     5 |       ||     5
       Scroll            |     2 |       ||     2
  Eat: Chunk             |     1 |     1 ||     2
Armor: Chain mail        |    96 |    16 ||   112
       Leather armour    |     2 |       ||     2
       Animal skin       |       |     2 ||     2
Dodge: Dodged            |    16 |     5 ||    21
Block: Buckler           |     3 |     3 ||     6
